Map: Romanticide LE

Players

MaxPax

  • Race: Protoss Protoss

Harstem - Winner!

  • Race: Protoss Protoss

Event: DreamHack SC2 Masters 2021 Winter

VOD

Have the link to the VOD?

Description

Time

  • Played on: Oct. 13, 2021, 9:30 a.m.
  • Length: 28:37

All games in this series

Show
View Real Time Build Order
Export as new Build Order

MaxPax Protoss 

Build Orders: 1 Gate Expand, Proxy Void Ray 

Get SALT Encoding   

  12  0:00  Probe  
  13  0:12  Probe  
  14  0:20  Pylon  
  14  0:24  Probe  
  15  0:38  Probe (Chrono Boost)  
  15  0:39  Gateway  
  16  0:47  Probe (Chrono Boost)  
  16  0:49  Assimilator  
  17  0:52  Probe (Chrono Boost)  
  18  1:04  Probe  
  19  1:16  Probe  
  20  1:23  Nexus  
  20  1:34  Cybernetics Core  
  20  1:40  Pylon  
  20  1:43  Probe  
  21  1:50  Zealot (Chrono Boost)  
  23  1:56  Assimilator  
  23  1:59  Probe  
  24  2:11  Probe  
  24  2:14  Stalker (Chrono Boost)  
  27  2:23  Probe  
  27  2:29  Stargate  
  28  2:38  Stalker (Chrono Boost)  
  30  2:44  Shield Battery  
  30  2:45  Probe  
  30  2:47  Probe  
  32  2:55  Pylon  
  29  3:00  Stalker  
  31  3:10  Void Ray (Chrono Boost)  
  31  3:16  Forge  
  35  3:25  Shield Battery  
  35  3:33  Probe x2  
  37  3:37  Void Ray (Chrono Boost)  
  40  3:56  Photon Cannon  
  40  4:05  Pylon  
  40  4:07  Void Ray (Chrono Boost), Shield Battery  
  44  4:23  Pylon  
  44  4:29  Probe x2  
  46  4:46  Robotics Facility  
  46  4:51  Photon Cannon  
  46  4:56  Void Ray (Chrono Boost)  
  46  4:58  Photon Cannon  
  50  5:12  Shield Battery  
  49  5:34  Immortal (Chrono Boost)  
  45  5:52  Shield Battery  
  45  6:01  Pylon  
  41  6:17  Immortal (Chrono Boost)  
  43  6:25  Probe  
  44  6:38  Probe  
  45  6:42  Probe  
  46  6:51  Immortal (Chrono Boost)  
  50  7:06  Assimilator, Probe  
  51  7:27  Immortal (Chrono Boost)  
  47  7:34  Probe  
  45  7:46  Assimilator, Probe  
  45  7:50  Pylon  
  46  8:03  Stargate  
  46  8:06  Pylon  
  46  8:15  Pylon  
  46  8:17  Shield Battery  
  44  8:27  Probe  
  44  8:41  Void Ray  
  48  9:06  Nexus  
  48  9:13  Pylon  
  48  9:25  Oracle  
  48  9:28  Robotics Facility  
  51  9:39  Pylon  
  51  9:42  Probe  
  52  9:48  Cybernetics Core  
  52  9:53  Void Ray (Chrono Boost)  
  56  10:15  Probe  
  56  10:19  Immortal  
  61  10:38  Probe  
  62  10:43  Void Ray  
  66  10:50  Probe  
  68  11:00  Immortal  
  66  11:16  Pylon  
  65  11:28  Void Ray  
  70  11:40  Observer  
  69  11:58  Nexus  
  69  12:06  Pylon  
  69  12:09  Void Ray  
  65  12:46  Void Ray (Chrono Boost)  
  65  12:55  Immortal  
  65  12:56  Probe  
  74  13:08  Probe  
  75  13:13  Probe  
  76  13:20  Void Ray (Chrono Boost)  
  76  13:22  Observer  
  76  13:24  Probe  
  81  13:34  Probe  
  81  13:36  Probe  
  83  13:46  Probe  
  83  13:48  Probe  
  85  13:53  Void Ray  
  89  14:14  Probe  
  90  14:18  Probe (Chrono Boost)  
  90  14:23  Assimilator  
  90  14:26  Probe (Chrono Boost)  
  90  14:27  Assimilator  
  90  14:30  Probe (Chrono Boost)  
  92  14:32  Observer  
  92  14:33  Nexus  
  92  14:37  Probe (Chrono Boost)  
  94  14:48  Pylon  
  94  14:52  Pylon  
  94  15:00  Void Ray  
  94  15:05  Protoss Air Weapons Level 1 (Chrono Boost)  
  94  15:06  Probe x2  
  100  15:10  Shield Battery  
  100  15:11  Shield Battery  
  100  15:14  Shield Battery  
  100  15:17  Robotics Bay  
  100  15:18  Probe  
  100  15:19  Probe  
  102  15:25  Pylon  
  98  15:38  Void Ray  
  98  15:48  Probe x2  
  103  15:59  Stargate  
  103  16:00  Probe  
  103  16:01  Probe  
  105  16:08  Disruptor  
  108  16:11  Pylon  
  108  16:12  Probe  
  108  16:13  Probe  
  108  16:15  Pylon  
  110  16:23  Void Ray  
  113  16:36  Shield Battery  
  113  16:38  Void Ray  
  113  16:46  Disruptor  
  115  17:00  Void Ray  
  99  17:05  Observer  
  86  17:16  Nexus  
  86  17:21  Void Ray  
  86  17:27  Disruptor  
  93  17:35  Pylon  
  93  17:41  Nexus  
  93  17:43  Void Ray  
  93  17:48  Nexus  
  93  17:49  Pylon  
  97  17:58  Void Ray  
  93  18:23  Void Ray  
  93  18:25  Disruptor  
  100  18:43  Void Ray  
  100  18:44  Observer, Nexus  
  100  18:52  Probe  
  105  18:56  Probe  
  105  19:00  Probe  
  107  19:04  Probe  
  107  19:06  Observer  
  107  19:09  Probe  
  111  19:22  Probe  
  111  19:28  Observer  
  111  19:30  Probe (Chrono Boost)  
  112  19:33  Fleet Beacon  
  113  19:39  Probe (Chrono Boost)  
  113  19:42  Probe (Chrono Boost)  
  111  19:48  Probe (Chrono Boost)  
  111  19:49  Observer, Probe (Chrono Boost)  
  111  19:52  Probe (Chrono Boost)  
  117  20:00  Assimilator  
  117  20:01  Assimilator  
  114  20:11  Disruptor  
  117  20:15  Forge  
  117  20:18  Carrier (Chrono Boost)  
  122  20:37  Protoss Air Weapons Level 2 (Chrono Boost)  
  122  20:39  Probe x2  
  130  20:42  Carrier (Chrono Boost)  
  129  20:53  Photon Cannon  
  129  20:57  Photon Cannon  
  129  21:00  Observer x2  
  130  21:05  Carrier (Chrono Boost)  
  130  21:08  Pylon  
  136  21:26  Disruptor  
  138  21:39  Oracle (Chrono Boost)  
  141  21:50  Flux Vanes  
  141  21:51  Nexus  
  141  21:56  Pylon  
  141  22:03  Carrier (Chrono Boost)  
  145  22:16  Stargate  
  145  22:17  Observer  
  145  22:21  Pylon  
  146  22:32  Carrier (Chrono Boost)  
  151  22:49  Shield Battery  
  150  22:51  Photon Cannon  
  150  22:53  Probe, Pylon  
  153  22:58  Observer  
  153  23:04  Probe  
  153  23:05  Tempest (Chrono Boost)  
  153  23:12  Tempest (Chrono Boost)  
  163  23:44  Tempest x2 (Chrono Boost)  
  163  23:45  Pylon  
  163  23:47  Shield Battery  
  173  23:56  Assimilator x2, Pylon  
  173  23:58  Pylon  
  173  23:59  Carrier (Chrono Boost)  
  178  24:17  Tempest (Chrono Boost)  
  178  24:18  Photon Cannon  
  178  24:20  Photon Cannon  
  182  24:31  Photon Cannon  
  182  24:38  Photon Cannon  
  182  24:40  Shield Battery  
  179  24:51  Tempest (Chrono Boost)  
  181  24:53  Oracle (Chrono Boost)  
  182  25:06  Observer  
  183  25:09  Tempest (Chrono Boost)  
  183  25:13  Photon Cannon  
  188  25:17  Photon Cannon  
  188  25:18  Photon Cannon  
  188  25:20  Pylon  
  188  25:23  Void Ray  
  192  25:50  Void Ray  
  196  26:07  Photon Cannon  
  196  26:09  Protoss Air Weapons Level 3 (Chrono Boost)  
  196  26:14  Pylon  
  196  26:15  Pylon  
  195  26:37  Tempest (Chrono Boost)  
  200  26:45  Nexus  
  198  26:48  Pylon  
  198  26:49  Oracle (Chrono Boost)  
  198  26:57  Observer  
  199  27:14  Pylon  
  199  27:17  Nexus  
  199  27:23  Pylon  
  199  27:34  Tempest (Chrono Boost)  
  198  27:46  Tempest (Chrono Boost)  
  195  28:04  Stargate  
  199  28:07  Stargate  
  199  28:10  Observer  
Show
View Real Time Build Order
Export as new Build Order

Harstem Protoss - Winner!

Build Orders: Blink Stalkers 

Get SALT Encoding   

  12  0:00  Probe  
  13  0:12  Probe  
  14  0:17  Pylon  
  14  0:24  Probe (Chrono Boost)  
  15  0:36  Probe (Chrono Boost)  
  15  0:37  Gateway  
  16  0:44  Probe (Chrono Boost)  
  16  0:46  Assimilator  
  17  0:51  Probe  
  17  0:56  Assimilator  
  18  1:03  Probe (Chrono Boost)  
  19  1:09  Gateway  
  19  1:13  Probe (Chrono Boost)  
  19  1:18  Probe (Chrono Boost)  
  20  1:25  Cybernetics Core  
  21  1:29  Probe  
  22  1:35  Pylon  
  22  1:42  Probe  
  24  2:01  Adept x2, Warp Gate  
  27  2:07  Robotics Facility  
  27  2:20  Pylon  
  27  2:31  Stalker x2  
  27  2:35  Pylon  
  30  2:49  Twilight Council  
  30  3:00  Warp Prism (Chrono Boost)  
  32  3:11  Gateway  
  32  3:23  Blink (Chrono Boost)  
  32  3:37  Shield Battery  
  32  3:42  Pylon  
  32  3:54  Stalker x2  
  36  4:06  Stalker  
  38  4:18  Stalker  
  38  4:19  Stalker  
  38  4:24  Pylon  
  42  4:42  Stalker x2  
  46  4:46  Stalker  
  48  4:55  Pylon  
  48  5:16  Stalker x3  
  50  5:39  Stalker x3  
  56  6:04  Stalker x3  
  58  6:30  Stalker x2  
  62  6:42  Pylon  
  62  7:03  Stalker x2, Sentry  
  62  7:06  Pylon  
  56  7:31  Stalker x3  
  60  7:54  Stalker  
  60  7:55  Zealot x2  
  66  8:11  Gateway  
  67  8:15  Stalker x3  
  72  8:39  Stalker, Sentry  
  72  8:40  Stalker  
  76  9:41  Pylon  
  76  9:48  Zealot  
  78  9:53  Nexus  
  76  10:08  Robotics Bay  
  72  10:29  Stalker x2  
  76  10:45  Phoenix  
  76  10:47  Stalker  
  76  10:49  Observer (Chrono Boost)  
  79  11:00  Stalker  
  80  11:06  Disruptor (Chrono Boost)  
  83  11:14  Probe  
  83  11:18  Observer  
  84  11:31  Probe (Chrono Boost)  
  86  11:34  Probe (Chrono Boost)  
  86  11:41  Probe (Chrono Boost)  
  86  11:46  Probe (Chrono Boost)  
  88  11:53  Observer  
  88  11:55  Disruptor  
  88  11:58  Probe (Chrono Boost)  
  92  12:04  Observer, Probe x2 (Chrono Boost)  
  94  12:21  Stalker x3  
  100  12:28  Pylon  
  90  12:51  Stalker x3  
  89  12:53  Probe  
  92  13:01  Charge (Chrono Boost)  
  92  13:05  Probe  
  92  13:07  Observer (Chrono Boost)  
  92  13:09  Probe  
  92  13:10  Phoenix  
  95  13:18  Probe  
  96  13:23  Observer (Chrono Boost)  
  97  13:28  Zealot x2  
  101  13:37  Zealot  
  102  13:51  Gateway  
  102  13:54  Pylon  
  102  14:08  Zealot  
  102  14:14  Zealot x2  
  106  14:19  Probe  
  106  14:20  Probe  
  108  14:27  Assimilator  
  108  14:30  Zealot, Assimilator  
  110  14:34  Pylon  
  110  14:35  Templar Archives  
  108  14:43  Observer  
  108  14:44  Stalker x2  
  108  14:48  Probe x2  
  109  15:12  Zealot x3  
  115  15:14  Pylon  
  105  15:36  High Templar x3  
  105  15:42  Archon  
  110  15:53  High Templar  
  111  15:58  Nexus, Archon  
  111  16:09  Zealot x2  
  111  16:10  Probe  
  116  16:16  Zealot  
  118  16:22  Probe  
  117  16:28  Probe  
  117  16:32  Stalker  
  120  16:38  High Templar x2  
  124  16:43  Archon, Pylon  
  102  17:07  Zealot x2  
  90  17:09  Probe (Chrono Boost)  
  90  17:13  Stalker  
  90  17:15  Stalker  
  93  17:16  Probe (Chrono Boost)  
  93  17:21  Probe (Chrono Boost)  
  96  17:23  Probe (Chrono Boost)  
  96  17:26  Probe (Chrono Boost)  
  96  17:28  Probe (Chrono Boost)  
  98  17:31  Stalker  
  98  17:32  Probe  
  101  17:41  Probe  
  102  17:44  High Templar  
  102  17:45  High Templar  
  102  17:46  Zealot  
  102  17:47  Probe  
  102  17:50  Archon  
  101  18:05  Stalker  
  95  18:06  Probe (Chrono Boost)  
  95  18:08  Probe (Chrono Boost)  
  95  18:09  Forge  
  95  18:11  Probe (Chrono Boost)  
  98  18:14  Assimilator  
  98  18:15  Robotics Facility  
  98  18:18  Probe (Chrono Boost)  
  99  18:24  Probe x2  
  102  18:38  Protoss Ground Weapons Level 1 (Chrono Boost)  
  101  18:47  Nexus  
  101  18:50  Probe  
  101  18:53  Assimilator, Probe  
  101  18:54  Zealot x4  
  111  18:57  Pylon  
  111  19:07  Probe  
  112  19:16  Probe  
  113  19:17  Gateway, Probe  
  113  19:18  Gateway  
  113  19:19  Gateway  
  113  19:22  Gateway  
  114  19:26  Probe  
  114  19:28  Observer  
  116  19:33  High Templar x2  
  116  19:34  Zealot x2  
  124  19:40  Archon  
  123  19:51  Warp Prism (Chrono Boost), Probe  
  124  19:56  Observer  
  124  19:59  Gateway, High Templar x2  
  130  20:02  Gateway  
  130  20:05  Archon  
  130  20:19  Stalker x6  
  142  20:25  Probe  
  142  20:26  Probe x2  
  142  20:28  Stargate  
  145  20:29  Assimilator  
  145  20:30  Pylon  
  145  20:33  Assimilator  
  145  20:34  Protoss Shields Level 1 (Chrono Boost)  
  145  20:40  Probe x2  
  145  20:41  Probe  
  148  20:43  Probe  
  149  20:51  Protoss Air Weapons Level 1 (Chrono Boost)  
  149  21:01  Probe  
  149  21:03  Pylon  
  151  21:11  Stargate x2  
  150  21:13  Nexus  
  152  21:22  Probe  
  152  21:23  Fleet Beacon  
  152  21:24  Probe  
  152  21:34  Probe  
  152  21:35  Probe  
  152  21:37  Stargate  
  154  21:42  Photon Cannon, Pylon  
  154  21:50  Observer (Chrono Boost)  
  170  22:14  Tempest (Chrono Boost)  
  170  22:15  Tempest x2 (Chrono Boost)  
  170  22:21  Tempest (Chrono Boost)  
  175  22:25  Photon Cannon  
  175  22:26  Photon Cannon  
  175  22:28  Shield Battery  
  175  22:31  Probe  
  175  22:32  Assimilator  
  175  22:33  Probe  
  175  22:36  Assimilator  
  177  22:38  Shield Battery  
  177  22:50  Tempest (Chrono Boost)  
  182  22:56  Tempest x2 (Chrono Boost)  
  197  23:10  Tempest (Chrono Boost)  
  191  23:26  Protoss Air Weapons Level 2 (Chrono Boost), Nexus  
  196  23:29  Pylon  
  196  23:31  Tempest (Chrono Boost)  
  194  23:39  Observer  
  184  23:42  Observer, Tempest x2 (Chrono Boost)  
  193  23:50  Photon Cannon  
  193  23:51  Shield Battery  
  193  23:53  Shield Battery x2  
  193  23:54  Oracle (Chrono Boost)  
  193  23:56  Pylon  
  193  23:58  Pylon  
  193  23:59  Unknown  
  193  24:04  Protoss Ground Weapons Level 2 (Chrono Boost)  
  193  24:16  High Templar x3  
  199  24:18  High Templar  
  200  24:24  Archon  
  200  24:26  Forge  
  200  24:27  Pylon  
  200  24:45  Archon  
  198  24:53  Shield Battery  
  198  24:55  Shield Battery  
  198  24:56  Shield Battery  
  198  25:01  Shield Battery  
  198  25:02  Shield Battery  
  198  25:04  Pylon  
  198  25:05  Mothership (Chrono Boost)  
  180  25:08  Oracle  
  187  25:17  Protoss Shields Level 2 (Chrono Boost), Observer (Chrono Boost)  
  176  25:39  Tempest (Chrono Boost)  
  176  25:42  High Templar x3  
  184  25:43  High Templar  
  184  25:47  Archon  
  184  25:48  Carrier x2 (Chrono Boost), Archon  
  188  25:55  Carrier (Chrono Boost)  
  192  26:09  Oracle (Chrono Boost)  
  192  26:11  High Templar x2  
  194  26:13  Pylon  
  194  26:15  Photon Cannon  
  194  26:16  Pylon  
  199  26:21  Archon  
  199  26:53  Shield Battery  
  199  26:55  Shield Battery  
  199  26:56  Shield Battery  
  199  26:57  Shield Battery  
  193  27:18  Shield Battery  
  193  27:20  Pylon  
  193  27:26  Observer  
  195  27:47  Oracle x2  
  190  28:18  Stalker x4  
  190  28:19  Stalker x6  
  171  28:28  Unknown  

Tags
 
Add a new tag
Caveats
  • Supply blocks, unpowered buildings, or Contaminate may cause inaccurate times.
  • Supply counts are checked every 10 seconds.